 Dungeon Crawl Stone Soup version 0.20-a0-924-gfa95efa (webtiles) character file.

108 JeffiDaFish the Covered (level 4, -3/29 HPs)
             Began as a Gargoyle Fighter on Mar 27, 2017.
             Slain by Crazy Yiuf
             ... wielding a +4 quarterstaff of chaos
              (6 damage)
             ... on level 3 of the Dungeon.
             The game lasted 00:03:19 (1682 turns).

JeffiDaFish the Covered (Gargoyle Fighter)          Turns: 1682, Time: 00:03:19

Health: -3/29      AC: 13    Str: 17 (19) XL:     4   Next: 87%
Magic:  4/4        EV:  5    Int:  7 (9)  God:
Gold:   74         SH: 10    Dex:  9 (10) Spells: 3/3 levels left

rFire    . . .     SeeInvis .   a - +0 flail
rCold    . . .     Gourm    .   c - +1 shield
rNeg     + . .     Faith    .   n - +0 chain mail
rPois    ∞         Spirit   .   (helmet restricted)
rElec    +         Reflect  .   (no cloak)
rCorr    .         Harm     .   (no gloves)
MR       .....                  (no boots)
Stlth    ..........             (no amulet)
Regen    0.1/turn               (no ring)
MPRegen  0.1/turn               (no ring)

@: no status effects
A: horns 2, blink, negative energy resistance 1, electricity resistance,
unbreathing, petrification resistance, rot immunity, AC +3
a: Blink


You were on level 3 of the Dungeon.
You were not hungry.

You visited 1 branch of the dungeon, and saw 3 of its levels.

You collected 74 gold pieces.

Inventory:

Hand Weapons
 a - a +0 flail (weapon)
Armour
 c - a +1 shield (worn)
 n - a +0 chain mail (worn)
Scrolls
 m - a scroll of identify
Potions
 d - a potion of might
 e - a potion of ambrosia
 k - a potion of magic
 l - 2 potions of resistance
Books
 b - a book of Minor Magic

   Spells                             Type                      Level
   a - Magic Dart                     Conjuration                  1
   b - Blink                          Translocation                2
   c - Call Imp                       Summoning                    2
   d - Slow                           Hexes                        2
   e - Conjure Flame                  Conjuration/Fire             3
   f - Mephitic Cloud                 Conjuration/Poison/Air       3
 j - a book of Cantrips

   Spells                             Type                      Level
   a - Confusing Touch                Hexes                        1
   b - Animate Skeleton               Necromancy                   1
   c - Summon Small Mammal            Summoning                    1
   d - Apportation                    Translocation                1
Comestibles
 f - 2 bread rations
 g - 3 chunks of flesh
 h - 4 fruits
 i - 2 royal jellies
 o - a meat ration


   Skills:
 + Level 3.8 Fighting
 + Level 3.0 Maces & Flails
 + Level 4.1 Armour
 + Level 1.0 Dodging
 + Level 3.8 Shields


You had 3 spell levels left.
You didn't know any spells.

Dungeon Overview and Level Annotations

Branches:
Dungeon (3/15)

Altars:
Ashenzari
Fedhas

Annotations:
D:3 Crazy Yiuf


Innate Abilities, Weirdness & Mutations

You are resistant to torment.
Your stone body is resilient. (AC +3)
You are immune to poison.
You resist negative energy. (rN+)
You are resistant to electric shocks. (rElec)
You can survive without breathing.
You are immune to petrification.
You are immune to rotting.
You have a pair of horns on your head.
You can translocate small distances at will.


Message History

Crazy Yiuf hits you with a quarterstaff of chaos!
Crazy Yiuf freezes you.
You hit Crazy Yiuf but do no damage.
Crazy Yiuf is lightly wounded.
Crazy Yiuf cries, "Castle!
Line return to song shoe."
Crazy Yiuf hits you but does no damage.
You hit Crazy Yiuf.
Crazy Yiuf is moderately wounded.
Crazy Yiuf hits you but does no damage. Space warps horribly around you!
Ouch! That really hurt!
* * * LOW HITPOINT WARNING * * *
You hit Crazy Yiuf.
Crazy Yiuf is heavily wounded.
Crazy Yiuf barely misses you. x2
You sock Crazy Yiuf!
Crazy Yiuf is almost dead.
You hear the brisk rusting of a distant drain.
Crazy Yiuf grits, "Rifle!"
Crazy Yiuf hits you with a quarterstaff of chaos.
You die...

#...######
####...##
#.......###
########..# #.##
#.# #### ♣♣##.##
#)..#♣♣ ♣♣P....#
#..g@.♣♣♣♣PP....#
#...#♣..♣.P.....#
####
♣♣♣.♣.♣....##
♣♣♣♣♣##...#
##..## #### #...#
.... #.#.# .....
#...#
.....###..###


You could see Crazy Yiuf.

Vanquished Creatures
  Terence (D:2)
  2 adders (D:2)
  2 worms (D:3)
  2 dart slugs (D:1)
  2 leopard geckos
  7 bats
  2 giant cockroaches
  2 goblins
  8 hobgoblins
  3 jackals (D:1)
  A quokka (D:2)
  A ball python (D:1)
  3 frilled lizards (D:1)
  9 kobolds
  8 rats
  A fungus (D:3)
54 creatures vanquished.

Notes
Turn   | Place    | Note
-------+----------+-------------------------------------------
     0 | D:1      | JeffiDaFish the Gargoyle Fighter began the quest for the Orb.
     0 | D:1      | Reached XP level 1. HP: 14/14 MP: 1/1
    32 | D:1      | Reached XP level 2. HP: 16/19 MP: 2/2
   271 | D:1      | Gained mutation: You have a pair of small horns on your head. [potion of mutation]
   271 | D:1      | Gained mutation: You can translocate small distances at will. [potion of mutation]
   271 | D:1      | Gained mutation: You have a pair of horns on your head. [potion of mutation]
   555 | D:1      | Reached XP level 3. HP: 23/23 MP: 3/3
   794 | D:2      | Found a shattered altar of Ashenzari.
   800 | D:2      | Found a blossoming altar of Fedhas.
  1422 | D:3      | Noticed Terence
  1436 | D:2      | Reached skill level 1 in Dodging
  1436 | D:2      | Reached XP level 4. HP: 27/29 MP: 4/4
  1451 | D:2      | Reached skill level 4 in Armour
  1471 | D:2      | Killed Terence
  1671 | D:3      | Found a runed door.
  1675 | D:3      | Noticed Crazy Yiuf
  1682 | D:3      | Slain by Crazy Yiuf

Vault maps used:
D:1:      lemuel_arrival_funnel, minmay_domino_2
D:2:      grunt_temple_overflow_open, first_bread
D:3:      lemuel_crystal_altar, gup_sewer_entry_glass, minmay_parallelograms,
          st_stairs_9, uniq_crazy_yiuf_cottage, uniq_terence

Skill      XL: |  1  2  3  4 |
---------------+-------------+-----
Dodging        | 1 |  1.0
Armour         | 4 |  4.1
Maces & Flails | 3 |  3.0
Fighting       | |  3.8
Shields        | |  3.8

Action                   |  1- 3 |  4- 6 || total
-------------------------+-------+-------++-------
Melee: Flail             |   146 |    64 ||   210
       Headbutt          |    19 |     9 ||    28
  Use: Potion            |     8 |       ||     8
       Scroll            |     6 |     1 ||     7
  Eat: Chunk             |     2 |     1 ||     3
Armor: Scale mail        |   123 |    12 ||   135
       Chain mail        |       |    14 ||    14
Dodge: Dodged            |    49 |    15 ||    64
Block: Shield            |   102 |    31 ||   133
